 Dungeon Crawl Stone Soup version 0.29.1-12-g30fa7ad0bf (webtiles) character file.

Game seed: 15162689059536283138

679 fantasyman the Conjurer (level 7, -12/36 HPs)
             Began as a Deep Elf Conjurer on Jan 9, 2023.
             Was an Initiate of Vehumet.
             Mangled by a yak (16 damage)
             ... on level 6 of the Dungeon.
             The game lasted 00:10:31 (5841 turns).

fantasyman the Conjurer (Deep Elf Conjurer)         Turns: 5841, Time: 00:10:31

Health: -12/36     AC:  4    Str:  4    XL:     7   Next: 34%
Magic:  12/18      EV: 12    Int: 25    God:    Vehumet [......]
Gold:   282        SH:  0    Dex: 13    Spells: 16/19 levels left

rFire   . . .      SeeInvis .   g - +5 hand axe of Ghostly Integrity {vorpal, rPois rN+}
rCold   . . .      Faith    .   (no shield)
rNeg    + . .      Spirit   .   a - +1 robe
rPois   +          Reflect  .   (no helmet)
rElec   .          Harm     .   j - +0 cloak
rCorr   .          Rampage  .   (no gloves)
Will    .....                   (no boots)
Stlth   +++.......              m - amulet of the acrobat
HPRegen 0.12/turn               (no ring)
MPRegen 0.16/turn               (no ring)

@: no status effects
A: no striking features
a: Renounce Religion


You were on level 6 of the Dungeon.
You worshipped Vehumet.
Vehumet was noncommittal.
You visited 2 branches of the dungeon, and saw 7 of its levels.

You collected 282 gold pieces.

Inventory:

Hand Weapons
 g - the +5 hand axe of Ghostly Integrity (weapon) {vorpal, rPois rN+}
   (You found it on level 3 of the Dungeon)

   It inflicts extra damage upon your enemies.
   rPois:     It protects you from poison.
   rN:        It protects you from negative energy.
Armour
 a - a +1 robe (worn)
 j - a +0 cloak (worn)
Jewellery
 m - an amulet of the acrobat (around neck)
Wands
 l - a wand of mindburst (15)
 n - a wand of charming (12)
 r - a wand of flame (13)
 t - a wand of acid (7)
Scrolls
 f - 2 scrolls of enchant weapon
 k - 5 scrolls of identify
 o - 3 scrolls of fear
 q - a scroll of teleportation {unknown}
 s - a scroll of silence {unknown}
 v - a scroll of magic mapping {unknown}
 w - a scroll of enchant armour
Potions
 b - a potion of magic
 c - 2 potions of haste
 d - 2 potions of cancellation
 e - 2 potions of lignification {unknown}
 h - 4 potions of berserk rage {unknown}
 i - 2 potions of curing {unknown}
 p - a potion of degeneration {unknown}
 u - a potion of might {unknown}


   Skills:
 + Level 2.9 Dodging
 + Level 5.8 Stealth
 + Level 6.6 Spellcasting
 + Level 7.1 Conjurations


You had 16 spell levels left.
You knew the following spells:

 Your Spells              Type           Power      Damage    Failure   Level
a - Magic Dart            Conj           100%       1d8       1%          1
b - Searing Ray           Conj           86%        2d7       1%          2

Your spell library contained the following spells:

 Spells                   Type           Power      Damage    Failure   Level
 Dazzling Flash           Conj/Hex       52%        N/A       4%          3
 Summon Small Mammal      Summ           32%        N/A       7%          1
 Blink                    Tloc           16%        N/A       11%         2
 Fulminant Prism          Conj/Hex       13%        3d9       16%         4
 Iskenderun's Mystic Bla  Conj/Tloc      26%        2d7       16%         4
 Call Canine Familiar     Summ           8%         N/A       22%         3
 Gell's Gravitas          Tloc           8%         N/A       22%         3
 Lesser Beckoning         Tloc           8%         N/A       22%         3
 Summon Guardian Golem    Hex/Summ       8%         N/A       22%         3
 Teleport Other           Tloc           8%         N/A       22%         3
 Manifold Assault         Tloc           8%         N/A       89%         5
 Storm Form               Tmut/Air       4%         N/A       100%        7


Dungeon Overview and Level Annotations

Branches:
Dungeon (6/15)             Temple (1/1) D:4

Altars:
Dithmenos
Fedhas
Gozag
Nemelex Xobeh
Okawaru
Trog
Vehumet

Shops:
D:3 *

Annotations:
D:5 2 transporters, Dvallin's ghost, weakling KoDe
D:6 3 runed translucent doors, hawla's ghost, novice MeFE


Message History

Casting: Searing Ray (safe; 1% risk of failure)
Confirm with . or Enter, or press ? or * to list all spells.
Aiming: Searing Ray (safe; 1% risk of failure)
Press: ? - help, Shift-Dir - straight line, f/p - yak
Aim: a yak (lightly wounded, 89% to hit)
The searing ray hits the yak!
The yak is moderately wounded.
The searing ray hits the yak.
The yak is lightly wounded. (Press . to maintain the ray.)
The yak gores you!
The searing ray hits the yak.
The yak is heavily wounded.
The yak closely misses you. The yak misses you.
The searing ray hits the yak.
The yak is severely wounded.
The yak closely misses you. The yak completely misses you.
The searing ray hits the yak!
The yak is almost dead.
You finish channelling your searing ray.
The yak gores you. The yak completely misses you. The yak closely misses you.
The yak gores you!
* * * LOW HITPOINT WARNING * * *
Unknown command.
The yak attacks as you move away! The yak completely misses you.
A steam dragon comes into view.
The yak gores the fungus!
The fungus begins to die.
Casting: Searing Ray (safe; 1% risk of failure)
Confirm with . or Enter, or press ? or * to list all spells.
Aiming: Searing Ray (safe; 1% risk of failure)
Press: ? - help, Shift-Dir - straight line, f/p - yak
Aim: a yak (almost dead, 89% to hit)
The searing ray hits the yak!
The yak is moderately wounded.
The searing ray hits the yak!
You kill the yak!
Vehumet accepts your kill. (Press . to maintain the ray.)
The yak gores you!
You die...

#.......... ##.###...###....
............#### .#.###.#.......#
##.####.##.# #### ##PP## #.##.#
...### #######P.~~~≈ #.##.#
~!.~≈#######~.~P~~PP...P #.##..
~~..≈^~.~.!..?.Y@......D #.##..
.........~^.PPPP.~P~.... ..##..
~.....~^~#########≈..D.. ####..
..######## #~.~^~ #.. #### #...#
#.. ##.############ ###### ###..
..............#####....## #....
##.#########............#####.##.
##.# #..####...............


You could see a yak and 2 steam dragons.

Vanquished Creatures
  A yak (D:6)
  2 scorpions
  4 jellies
  A hound (D:4)
  2 orc priests (D:5)
  Terence (D:2)
  7 iguanas
  6 adders
  A white imp (D:6)
  9 orcs
  8 ball pythons
  11 endoplasms
  A goblin (D:4)
  7 hobgoblins
  4 jackals (D:2)
  5 quokkas
  A bat (D:1)
  A frilled lizard (D:1)
  11 kobolds
  6 rats
89 creatures vanquished.

Vanquished Creatures (others)
  8 fungi
  8 toadstools (D:4)
16 creatures vanquished.

Grand Total: 105 creatures vanquished

Notes
Turn   | Place    | Note
-------+----------+-------------------------------------------
     0 | D:1      | fantasyman the Deep Elf Conjurer began the quest for the
                  | Orb.
     0 | D:1      | Reached XP level 1. HP: 10/10 MP: 6/6
   284 | D:1      | Reached XP level 2. HP: 15/15 MP: 6/8
   520 | D:1      | Found a faded altar of an unknown god.
   562 | D:1      | Reached skill level 5 in Conjurations
   957 | D:2      | Found an iron altar of Okawaru.
   984 | D:2      | Noticed Terence
  1036 | D:3      | Learned a level 2 spell: Searing Ray
  1106 | D:3      | Reached XP level 3. HP: 13/19 MP: 4/9
  1614 | D:3      | Identified the +5 hand axe of Ghostly Integrity {vorpal,
                  | rPois rN+}
  1702 | D:3      | Found Gozag's Platinum Reserve.
  1703 | D:3      | Found an opulent altar of Gozag.
  1990 | D:2      | Killed Terence
  1991 | D:2      | Reached XP level 4. HP: 24/24 MP: 1/11
  2696 | D:4      | Reached skill level 6 in Conjurations
  2880 | D:4      | Reached XP level 5. HP: 28/28 MP: 7/13
  3621 | D:4      | Found a staircase to the Ecumenical Temple.
  3637 | Temple   | Entered the Ecumenical Temple
  3742 | Temple   | Became a worshipper of Vehumet
  3799 | D:4      | Identified the +1 chain mail "Inkoat" {Int+5}
  3827 | D:4      | Reached skill level 5 in Stealth
  3827 | D:4      | Reached XP level 6. HP: 28/32 MP: 6/15
  4003 | D:4      | Reached skill level 5 in Spellcasting
  4099 | D:4      | Found a sparkling altar of Nemelex Xobeh.
  4130 | D:5      | Entered Level 5 of the Dungeon
  4468 | D:5      | Reached XP level 7. HP: 27/36 MP: 1/17
  4676 | D:5      | Reached skill level 7 in Conjurations
  4713 | D:5      | Found a transporter.
  4714 | D:5      | Found a transporter.
  4714 | D:5      | Noticed Dvallin's ghost (weakling KoDe)
  5798 | D:6      | Found a runed translucent gate.
  5798 | D:6      | Found an opulent altar of Gozag.
  5799 | D:6      | Found a runed translucent gate.
  5799 | D:6      | Found a runed translucent gate.
  5799 | D:6      | Noticed a troll
  5800 | D:6      | Noticed hawla's ghost (novice MeFE)
  5800 | D:6      | Noticed a two-headed ogre
  5814 | D:6      | Noticed a yak
  5814 | D:6      | Noticed a yak
  5814 | D:6      | Noticed a yak
  5833 | D:6      | Noticed a steam dragon
  5840 | D:6      | Noticed a steam dragon
  5841 | D:6      | Killed a yak
  5841 | D:6      | Mangled by a yak

Illustrated notes

Levels and vault maps discovered:
D:1:      lightli_arrival_lavapool, layout_loops_ring,
          hellmonk_ecumenical_altar_heavens_door, minmay_fountain_box,
          amcnicky_mini_rare_corridor_liquid, minmay_misc_feat_nine_boxes
D:2:      layout_basic, basic_altar, kennysheep_generic_room_16, uniq_terence
D:3:      layout_basic, nicolae_gozag_zags_fifth_avenue
D:4:      cheibrodos_fertilizer, layout_rooms, nemelex_dance_club_becter,
          minmay_temple_entry_waves
D:5:      layout_rooms, serial_rivers, chequers_serial_rivers_room_a,
          chequers_serial_rivers_small_3, chequers_serial_rivers_micro_b,
          chequers_serial_rivers_room_b, gammafunk_ghost_mausoleum
D:6:      kennysheep_steamy, layout_loops_ring, kennysheep_ying_yang,
          ebering_ghost_gozag
Temple:   grunt_temple_mini_profane

Skill      XL: |  1  2  3  4  5  6  7 |
---------------+----------------------+-----
Conjurations   | 5 6 7 |  7.1
Spellcasting   | 4 5 6 |  6.6
Stealth        | 3 5 |  5.8
Dodging        | |  2.9

Action                   |  1- 3 |  4- 6 |  7- 9 || total
-------------------------+-------+-------+-------++-------
 Cast: Magic Dart        |    53 |    86 |    33 ||   172
       Searing Ray       |     2 |    13 |     7 ||    22
  Use: Scroll            |     7 |       |       ||     7
Armor: Robe              |     1 |     6 |     3 ||    10
Dodge: Dodged            |     6 |    30 |    28 ||    64
